 Dungeon Crawl Stone Soup version 0.31-a0-1589-g8f5e8aebd6 (webtiles) character file.

Game seed: 1395584388898147249

33 MisterAzrael the Changeling (level 3, -3/28 HPs)
             Began as a Draconian Shapeshifter on Jan 5, 2024.
             Was a Follower of Okawaru.
             Shot with a sling bullet by a goblin (4 damage)
             ... on level 2 of the Dungeon.
             The game lasted 00:01:14 (1012 turns).

MisterAzrael the Changeling (DrSh)                  Turns: 1012, Time: 00:01:15

Health: -3/28      AC:  5    Str: 18    XL:     3   Next: 12%
Magic:  3/3        EV: 12    Int: 10    God:    Okawaru [*.....]
Gold:   26         SH:  0    Dex: 10    Spells: 2/2 levels left

rFire   . . .        g - +0 triple crossbow
rCold   . . .        (shield currently unavailable)
rNeg    . . .        (body armour unavailable)
rPois   .            (helmet currently unavailable)
rElec   .            (cloak currently unavailable)
rCorr   .            (gloves currently unavailable)
SInv    .            (boots currently unavailable)
Will    .....        (no amulet)
Stlth   +            (no ring)
HPRegen 0.24/turn    (no ring)
MPRegen 0.08/turn

%: no passive effects
@: beast-form
A: beast (slay +2), AC +5, unfitting armour, cold-blooded
a: Begin Untransformation, Renounce Religion, Heroism


You were on level 2 of the Dungeon.
You worshipped Okawaru.
Okawaru was aware of your devotion.
You were a hulking beast.
You visited 1 branch of the dungeon, and saw 2 of its levels.

You collected 26 gold pieces.

Inventory:

Hand Weapons
 g - a +0 triple crossbow (weapon)
Missiles
 f - 2 boomerangs
Talismans
 b - a beast talisman
 c - a flux talisman
Scrolls
 d - a scroll of amnesia {unknown}
 e - a scroll of immolation {unknown}
 h - 2 scrolls of vulnerability {unknown}
 i - a scroll of revelation {unknown}
 j - 3 scrolls of enchant armour {unknown}
Potions
 a - a potion of lignification


   Skills:
 - Level 1.2 Fighting
 - Level 1.8 Dodging
 + Level 3.4 Unarmed Combat
 * Level 3.7 Shapeshifting


You had 2 spell levels left.
You didn't know any spells.
Your spell library was empty.

Dungeon Overview and Level Annotations

Branches:
Dungeon (2/15)

Altars:
Okawaru


Innate Abilities, Weirdness & Mutations

You are a hulking beast.
Your limbs bulge with bestial killing power. (Slay +2)
Your plain brown scales are hard. (AC +5)
You cannot fit into any form of body armour.
You are cold-blooded and may be slowed by cold attacks.


Message History

Press: ? - help, Q - select action, (/) - cycle Shift-Dir - straight line, f - goblin
Aim: a goblin, wielding a +0 sling of flaming (40% to hit)
Okay, then.
The goblin shoots a sling bullet.
The sling bullet barely misses you.
The goblin shoots a sling bullet.
The sling bullet misses you.
The goblin shoots a sling bullet.
The sling bullet closely misses you.
You hear a shout!
The goblin shoots a sling bullet.
The sling bullet closely misses you.
Fire: g) +0 triple crossbow
Press: ? - help, Q - select action, (/) - cycle Shift-Dir - straight line, f - goblin
Aim: a goblin, wielding a +0 sling of flaming (40% to hit)
You shoot a bolt. The bolt barely misses the goblin.
The goblin shoots a sling bullet.
The sling bullet closely misses you.
A hobgoblin comes into view.
The goblin shoots a sling bullet.
The sling bullet hits you but does no damage.
Fire: g) +0 triple crossbow
Press: ? - help, Q - select action, (/) - cycle Shift-Dir - straight line, f/p - goblin
Aim: a goblin, wielding a +0 sling of flaming (40% to hit)
You shoot a bolt. The bolt hits the goblin.
The goblin is heavily wounded.
The goblin shoots a sling bullet.
The sling bullet misses you.
Fire: g) +0 triple crossbow
Press: ? - help, Q - select action, (/) - cycle Shift-Dir - straight line, f/p - goblin
Aim: a goblin, wielding a +0 sling of flaming (heavily wounded, 40% to hit)
You shoot a bolt. The bolt hits the hobgoblin!
You kill the hobgoblin!
Okawaru accepts your kill.
The goblin shoots a sling bullet.
The sling bullet hits you but does no damage.
The goblin shoots a sling bullet.
The sling bullet hits you.
* * * LOW HITPOINT WARNING * * *
The sling bullet burns you.
* * * LOW HITPOINT WARNING * * *
A ball python comes into view.
The ball python hisses angrily.
The goblin shoots a sling bullet.
The sling bullet completely misses you.
Okay, then.
The goblin shoots a sling bullet.
The sling bullet hits you.
You die...

.#~≈#. #...#
##~..~###.g..#
....[.......#
#....S.....#
#..g......#
##########.......##
#.....#....<).....#
#.#.......#)..†.....#
#.....h..##.....>...#
#.#...#####.........#
#..# #!........# #.#
##.......## ...
##.....## ... .######
... ..#


You could see a goblin.

Vanquished Creatures
  An adder (D:2)
  A ball python (D:1)
  5 endoplasms
  2 hobgoblins
  A jackal (D:1)
  A kobold (D:1)
  2 quokkas (D:1)
  2 bats (D:1)
  2 frilled lizards (D:1)
  4 goblins (D:1)
21 creatures vanquished.

Notes
Turn   | Place    | Note
-------+----------+-------------------------------------------
     0 | D:1      | MisterAzrael the Draconian Shapeshifter began the quest for
                  | the Orb.
     0 | D:1      | Reached XP level 1. HP: 16/16 MP: 1/1
   274 | D:1      | Reached XP level 2. HP: 23/23 MP: 2/2
   649 | D:1      | Found a faded altar of an unknown god.
   653 | D:1      | Prayed at the altar of an unknown god.
   653 | D:1      | Became a worshipper of Warmaster Okawaru
   653 | D:1      | Reached * piety under Okawaru
  1000 | D:2      | HP: 1/23 [goblin/sling bullet (1)]
  1001 | D:2      | Reached XP level 3. HP: 1/28 MP: 3/3
  1010 | D:2      | HP: 1/28 [goblin/sling bullet (1)]
  1012 | D:2      | Shot with a sling bullet by a goblin

Illustrated notes

Levels and vault maps discovered:
D:1:      sevenhm_arrival_forest_fort_large_4, layout_basic,
          basic_ecumenical_altar, minmay_misc_feat_nine_boxes,
          minmay_small_reverse_x
D:2:      layout_rooms, fountainhead, wad_floor_pattern_2

Action                     || total
---------------------------++-------
  Melee: Unarmed           ||    39
         Tailslap          ||     4
   Fire: Triple crossbow   ||    12
   Stab: Sleeping          ||     3
 Armour: Skin              ||    31
  Dodge: Dodged            ||    30

Table legend: (Time is in decaauts)
 A = Elapsed time spent in this place.
 B = Non-inter-level travel time spent in this place.
 C = Inter-level travel time spent in this place.
 D = Time resting spent in this place.
 E = Time spent auto-exploring this place.
 F = Levels seen in this place.
 G = Mean time per level.
                   A        B        C        D        E       F      G
               +--------+--------+--------+--------+--------+-----+--------+
         Total |   1025 |    969 |     56 |      0 |    834 |   2 |  512.5 |
       Dungeon |   1025 |    969 |     56 |      0 |    834 |   2 |  512.5 |
               +--------+--------+--------+--------+--------+-----+--------+

Top non-repeatable levels by time:
     D:1: 1000 daAuts
     D:2: 24 daAuts
